[Event "68th HUN-ch Men 2018"]
[Site "Budapest"]
[Date "2018.12.08"]
[Round "3.2"]
[White "Aczel, Gergely"]
[Black "Banusz, Tamas"]
[Result "1-0"]
[ECO "D10"]
[WhiteElo "2549"]
[BlackElo "2612"]
[Annotator "RC"]
[PlyCount "139"]
[EventDate "2018.??.??"]
[EventCountry "HUN"]
[SourceTitle "playchess.com"]
[Source "ChessBase"]
[SourceQuality "1"]
[TimeControl "40/5400+30:1800+30"]

1. d4 d5 2. c4 c6 3. cxd5 cxd5 4. Bf4 Nf6 5. Nc3 Nc6 6. e3 Bf5 7. Qb3 Na5 8. Qa4+ Bd7 9. Qc2 e6 10. Nf3 Be7 11. Bd3 Nc6 12. a3 Nh5 13. Be5 f6 14. Bg3 f5 15. Ne5 O-O 16. Nxc6 Bxc6 17. Qe2 Nf6 18. f3 Bd6 19. Bxd6 Qxd6 20. O-O g6 21. Qd2 Rfe8 22. Rac1 a6 23. Rfe1 Rac8 24. Ne2 Bd7 25. Nf4 Rxc1 26. Rxc1 Kf7 27. h3 g5 28. Ne2 h6 29. Bb1 Bb5 30. Nc3 Bc6 31. Re1 Rd8 32. Na2 Bb5 33. Rc1 h5 34. Qc2 Rd7 35. Nc3 g4 36. f4 Bc6 37. Qf2 Rd8 38. Bd3 Rg8 39. Qh4 Qf8 40. Rc2 Qg7 41. Kf1 Ke7 42. Ke1 Kd7 43. b4 Qe7 44. Kd1 Rg6 45. Kc1 gxh3 46. Qxh3 Qg7 47. Re2 Rg3 48. Qh4 Ke7 49. Qh1 Qg4 50. Kd2 h4 51. a4 Kf7 52. b5 axb5 53. axb5 Bd7 54. Na4 Nh5 55. Nc5 Bc8 56. b6 Kf6 57. Rf2 h3 58. gxh3 Rxh3 59. Qa1 Qg8 60. Re2 Qd8 61. Qa7 Rh1 62. Rg2 Qd6 63. Kc2 Ng7 64. Qa3 Ne8 65. Bb5 Qe7 66. Bxe8 Qxe8 67. Kd2 Rb1 68. Nd3 Rxb6 69. Ne5 Rc6 70. Rg6+ 1-0